 Dungeon Crawl Stone Soup version 0.29-a0-330-g52719c12eb (webtiles) character file.

Game seed: 10575275650679359630

12 dohliylev the Grasshopper (level 2, -2/27 HPs)
             Began as a Troll Warper on May 27, 2022.
             Slain by an iguana (3 damage)
             ... on level 2 of the Dungeon.
             The game lasted 00:00:54 (625 turns).

dohliylev the Grasshopper (Troll Warper)             Turns: 625, Time: 00:00:54

Health: -2/27      AC:  4    Str: 18    XL:     2   Next: 20%
Magic:  2/2        EV: 10    Int:  9    God:
Gold:   60         SH:  0    Dex:  9    Spells: 1/3 levels left

rFire   . . .      SeeInvis .     - Unarmed
rCold   . . .      Faith    .   (no shield)
rNeg    . . .      Spirit   .   a - +0 robe
rPois   .          Reflect  .   (helmet restricted)
rElec   .          Harm     .   (no cloak)
rCorr   .          Rampage  .   (gloves unavailable)
Will    .....                   (boots unavailable)
Stlth   +.........              (no amulet)
HPRegen 0.89/turn               (no ring)
MPRegen 0.08/turn               (no ring)

@: no status effects
A: large, unfitting armour, claws 3, regeneration 1, shaggy fur 1, tough skin 1
a: no special abilities


You were on level 2 of the Dungeon.
You visited 1 branch of the dungeon, and saw 2 of its levels.

You collected 60 gold pieces.

Inventory:

Missiles
 c - 7 boomerangs of dispersal (quivered)
 f - 6 boomerangs
Armour
 a - a +0 robe (worn)
Scrolls
 b - 2 scrolls of blinking
 e - a scroll of torment {unknown}
 g - a scroll of summoning {unknown}
 h - a scroll of identify {unknown}
Potions
 d - 2 potions of haste {unknown}


   Skills:
 + Level 1.6 Fighting
 + Level 0.8 Throwing
 * Level 2.1 Dodging
 + Level 2.2 Unarmed Combat
 + Level 1.2 Spellcasting
 + Level 2.4 Translocations


You had one spell level left.
You knew the following spells:

 Your Spells              Type           Power      Damage    Failure   Level
a - Blink                 Tloc           8%         N/A       21%         2

Your spell library contained the following spells:

 Spells                   Type           Power      Damage    Failure   Level
 Gell's Gravitas          Tloc           4%         N/A       36%         3
 Lesser Beckoning         Tloc           4%         N/A       36%         3
 Teleport Other           Tloc           4%         N/A       36%         3
 Manifold Assault         Tloc           4%         N/A       98%         5


Dungeon Overview and Level Annotations

Branches:
Dungeon (2/15)

Altars:

Annotations:
D:2 Sigmund


Innate Abilities, Weirdness & Mutations

You are too large for most types of armour.
You have claws for hands.
Your natural rate of healing is unusually fast.
You are covered in fur. (AC +1)
You have tough skin. (AC +1)


Message History

A frilled lizard comes into view.
The frilled lizard hisses angrily.
You hear a shout!
Found a blackened fluorescent wand.
The iguana barely misses you.
You scratch the iguana but do no damage.
The iguana bites you!
You barely miss the iguana. The iguana bites you.
Sigmund the Dreaded comes into view.
He is wielding a +0 scythe.
You scratch the iguana but do no damage.
You barely miss the iguana. The iguana barely misses you.
The frilled lizard bites you but does no damage.
You claw the iguana!
The iguana is heavily wounded.
The iguana hisses menacingly.
The iguana bites you. The frilled lizard bites you. The iguana bites you.
* * * LOW HITPOINT WARNING * * *
You barely miss the iguana.
The iguana is heavily wounded.
The iguana bites you.
You barely miss the iguana.
The iguana is heavily wounded.
The iguana closely misses you.
You closely miss the iguana.
The iguana is heavily wounded.
Sigmund gestures wildly while chanting.
Sigmund flickers and vanishes!
Deactivating autopickup; reactivate with Ctrl-A.
The iguana barely misses you.
You closely miss the iguana.
The iguana is heavily wounded.
The iguana bites you.
* * * LOW HITPOINT WARNING * * *
You barely miss the iguana.
The iguana is heavily wounded.
The iguana bites you!
* * * LOW HITPOINT WARNING * * *
You scratch the iguana.
The iguana is almost dead.
The iguana bites you.
You die...

##.#.###########
......@...{....+
/..#.##.##l#####
#.##l# #.##@#
#.##.# #.##.#
#.##'###
#.#....# #....#
#.>..# #....#
######....#


You could see an iguana and a frilled lizard.

Vanquished Creatures
  A giant cockroach (D:1)
  4 goblins
  3 hobgoblins (D:1)
  A ball python (D:1)
  A bat (D:2)
  2 rats (D:1)
12 creatures vanquished.

Notes
Turn   | Place    | Note
-------+----------+-------------------------------------------
     0 | D:1      | dohliylev the Troll Warper began the quest for the Orb.
     0 | D:1      | Reached XP level 1. HP: 19/19 MP: 1/1
   206 | D:1      | Found a faded altar of an unknown god.
   275 | D:1      | Reached XP level 2. HP: 20/27 MP: 2/2
   477 | D:1      | Learned a level 2 spell: Blink
   611 | D:2      | Noticed Sigmund
   624 | D:2      | HP: 1/27 [iguana (7)]
   625 | D:2      | Slain by an iguana

Illustrated notes

Levels and vault maps discovered:
D:1:      dpeg_arrival_solitude, layout_loops_ring,
          hellmonk_ecumenical_altar_pennies_from_heaven
D:2:      layout_basic, eino_tiny_chamber, uniq_sigmund, uniq_robin,
          uniq_crazy_yiuf_cottage

Skill      XL: |  1 |
---------------+----+-----
Dodging        | 2 |  2.1
Fighting       | |  1.6
Throwing       | |  0.8
Unarmed Combat | |  2.2
Spellcasting   | |  1.2
Translocations | |  2.4

Action                   || total
-------------------------++-------
Melee: Unarmed           ||    35
 Stab: Sleeping          ||     1
Armor: Robe              ||     5
Dodge: Dodged            ||    13

Table legend: (Time is in decaauts)
 A = Elapsed time spent in this place.
 B = Non-inter-level travel time spent in this place.
 C = Inter-level travel time spent in this place.
 D = Time resting spent in this place.
 E = Time spent auto-exploring this place.
 F = Levels seen in this place.
 G = Mean time per level.
                   A        B        C        D        E       F      G
               +--------+--------+--------+--------+--------+-----+--------+
         Total |    626 |    621 |      5 |      0 |    509 |   2 |  313.0 |
       Dungeon |    626 |    621 |      5 |      0 |    509 |   2 |  313.0 |
               +--------+--------+--------+--------+--------+-----+--------+

Top non-repeatable levels by time:
     D:1: 546 daAuts
     D:2: 79 daAuts
